 Dungeon Sprint DCSS version 0.21-a0-201-g8501b10 (webtiles) character file.

1525 Kidiri the Thaumaturge (level 8, -7/50 HPs)
             Began as a Deep Elf Fire Elementalist on Aug 18, 2017.
             Was a High Priest of Vehumet.
             Mangled by a swamp dragon (13 damage)
             ... called by a spriggan druid
             ... in the Dungeon (Sprint VII: "The Pits").
             The game lasted 00:05:27 (1187 turns).

Kidiri the Thaumaturge (Deep Elf Fire Elementalist) Turns: 1187, Time: 00:05:28

Health: -7/50      AC:  2    Str:  5    XL:     8   Next: 54%
Magic:  14/26      EV: 17    Int: 23    God:    Vehumet [*****.]
Gold:   0          SH:  0    Dex: 15    Spells: 9/31 levels left

rFire    . . .     SeeInvis .   j - +1 dagger (elec)
rCold    . . .     Gourm    .   (no shield)
rNeg     . . .     Faith    .   a - +0 robe
rPois    .         Spirit   .   (no helmet)
rElec    .         Reflect  .   (no cloak)
rCorr    .         Harm     .   (no gloves)
MR       .....     NoTele   +   (no boots)
Stlth    ++........             (no amulet)
HPRegen  0.16/turn              (no ring)
MPRegen  0.20/turn              (no ring)

@: lethally poisoned (-7 -> -37)
A: no striking features
a: Renounce Religion


You were in the Dungeon.
You worshipped Vehumet.
Vehumet was extremely pleased with you.
You were not hungry.

You visited 1 branch

Inventory:

Hand Weapons
 j - a +1 dagger of electrocution (weapon)
Armour
 a - a +0 robe (worn)
Scrolls
 i - a scroll of blinking
 l - 3 scrolls of remove curse
 m - 4 scrolls of amnesia
 n - a scroll of summoning
Potions
 d - a potion of curing
 e - 4 potions of heal wounds
 f - a potion of haste
 g - 4 potions of magic
 h - 3 potions of berserk rage
 k - 2 potions of invisibility
Books
 b - a book of Flames

   Spells                             Type                      Level
   a - Flame Tongue                   Conjuration/Fire             1
   b - Throw Flame                    Conjuration/Fire             2
   c - Conjure Flame                  Conjuration/Fire             3
   d - Inner Flame                    Hexes/Fire                   3
   e - Sticky Flame                   Conjuration/Fire             4
   f - Fireball                       Conjuration/Fire             5
Comestibles
 c - 8 bread rations
 o - 40 fruits
 p - 7 meat rations
 q - 6 chunks of flesh


   Skills:
 + Level 5.4 Fighting
 + Level 6.3 Short Blades
 + Level 5.3 Armour
 + Level 8.3 Dodging
 - Level 2.4 Stealth
 * Level 12.0 Spellcasting
 + Level 7.2 Conjurations
 + Level 7.8 Fire Magic
 + Level 5.8 Ice Magic


You had 9 spell levels left.
You knew the following spells:

 Your Spells              Type           Power        Failure   Level  Hunger
a - Flame Tongue          Conj/Fire      #####        1%          1    None
b - Throw Flame           Conj/Fire      #####.       1%          2    None
c - Conjure Flame         Conj/Fire      #####...     1%          3    None
d - Inner Flame           Hex/Fire       ####....     1%          3    None
e - Sticky Flame          Conj/Fire      #####...     1%          4    None
f - Fireball              Conj/Fire      #####.....   1%          5    ####...
g - Throw Icicle          Conj/Ice       #####...     1%          4    None


Dungeon Overview and Level Annotations

Branches:
Dungeon (1/1)

Altars:
Ashenzari
Cheibriados
Dithmenos
Elyvilon
Fedhas
Gozag
Hepliaklqana
Kikubaaqudgha
Makhleb
Nemelex Xobeh
Okawaru
Qazlal
Ru
Sif Muna
Trog
Uskayaw
Vehumet
Wu Jian
Xom
Yredelemnul
Zin
The Shining One
Beogh
Jiyva
Lugonu


Message History

Unknown command.
Okay, then.
Unknown command.
Okay, then.
Unknown command.
You feel better.
You are engulfed in poison gas.
You are poisoned.
* * * LOW HITPOINT WARNING * * *
x2 You feel sick.
You feel better.
You are engulfed in poison gas.
You are lethally poisoned!
* * * LOW HITPOINT WARNING * * *
x2 You feel sick.
Unknown command.
You feel much better.
You are engulfed in poison gas.
You are lethally poisoned!
* * * LOW HITPOINT WARNING * * *
x2 You feel very sick.
The swamp dragon bites you!
You die...

#'#####+#####.....
#§#.....#..##.....
#§#..)..#))#####+#
#§###+###))##.....
#§#.....#))##.....
#§#.....#[[##.....
#§####+##+###...<.
#§#........##.....
#@#........##.....
#D###########.....
#5.§.§§.#%%#######
#...§§.§#.######
#..÷#D..#.#....#
#..###.5#+#....#
#...#...#.)5...+
#.......#'#D...#
#.......'.# ...#


You could see a swamp dragon and a quasit.

Vanquished Creatures
  A spriggan druid (D)
  A tyrant leech (D)
  A flying skull (D)
  A floating eye (D)
  2 black bears (D)
  A necrophage (D)
  An ice beast (D)
  2 scorpions (D)
  A crimson imp (D)
  2 river rats (D)
  3 oozes (D)
  An adder skeleton (D)
  An adder zombie (D)
  An orc (D)
  A hobgoblin (D)
  A bat (D)
  A kobold (D)
  A rat (D)
23 creatures vanquished.

Notes
Turn   | Place    | Note
-------+----------+-------------------------------------------
     0 | D        | Kidiri the Deep Elf Fire Elementalist began the quest for the Orb.
     0 | D        | Reached XP level 1. HP: 10/10 MP: 6/6
    48 | D        | Found a bloodstained altar of Trog.
    48 | D        | Found a deep blue altar of Sif Muna.
    48 | D        | Found a viscous altar of Jiyva.
    48 | D        | Found a hazy altar of Hepliaklqana.
    48 | D        | Found an opulent altar of Gozag.
    49 | D        | Found a glowing golden altar of the Shining One.
    49 | D        | Found a glowing silver altar of Zin.
    49 | D        | Found a basalt altar of Yredelemnul.
    49 | D        | Found a shimmering altar of Xom.
    49 | D        | Found an ornate altar of the Wu Jian Council.
    49 | D        | Found a sacrificial altar of Ru.
    49 | D        | Found a stormy altar of Qazlal.
    49 | D        | Found an iron altar of Okawaru.
    49 | D        | Found a sparkling altar of Nemelex Xobeh.
    49 | D        | Found a burning altar of Makhleb.
    49 | D        | Found a blossoming altar of Fedhas.
    49 | D        | Found a white marble altar of Elyvilon.
    49 | D        | Found a shadowy altar of Dithmenos.
    49 | D        | Found a snail-covered altar of Cheibriados.
    51 | D        | Found a radiant altar of Vehumet.
    51 | D        | Found a corrupted altar of Lugonu.
    51 | D        | Found a roughly hewn altar of Beogh.
    52 | D        | Found a hide-covered altar of Uskayaw.
    52 | D        | Found an ancient bone altar of Kikubaaqudgha.
    52 | D        | Found a shattered altar of Ashenzari.
    59 | D        | Became a worshipper of Vehumet
    81 | D        | Reached skill level 1 in Fighting
    81 | D        | Reached skill level 1 in Armour
    81 | D        | Reached skill level 4 in Spellcasting
    81 | D        | Reached XP level 2. HP: 13/16 MP: 1/9
    87 | D        | Reached skill level 1 in Short Blades
    94 | D        | Learned a level 2 spell: Throw Flame
   317 | D        | Reached * piety under Vehumet
   317 | D        | Offered knowledge of Freeze by Vehumet.
   320 | D        | Reached XP level 3. HP: 11/20 MP: 3/11
   325 | D        | Learned a level 3 spell: Conjure Flame
   329 | D        | Learned a level 3 spell: Inner Flame
   462 | D        | Noticed a floating eye
   469 | D        | Paralysed by a floating eye for 4 turns
   473 | D        | Killed a floating eye
   473 | D        | Reached skill level 7 in Spellcasting
   473 | D        | Reached XP level 4. HP: 27/27 MP: 8/15
   476 | D        | Learned a level 1 spell: Freeze
   483 | D        | Reached ** piety under Vehumet
   483 | D        | Offered knowledge of Searing Ray by Vehumet.
   491 | D        | Reached skill level 5 in Dodging
   491 | D        | Reached skill level 5 in Fire Magic
   491 | D        | Reached skill level 1 in Ice Magic
   491 | D        | Reached XP level 5. HP: 25/32 MP: 1/16
   497 | D        | Learned a level 4 spell: Sticky Flame
   647 | D        | Learned a level 5 spell: Fireball
   664 | D        | Offered knowledge of Static Discharge by Vehumet.
   677 | D        | Noticed a flying skull
   677 | D        | Noticed an ice beast
   688 | D        | HP: 1/32 [flying skull (12)]
   689 | D        | Killed a flying skull
   689 | D        | Reached *** piety under Vehumet
   689 | D        | Reached skill level 8 in Spellcasting
   689 | D        | Reached skill level 5 in Conjurations
   689 | D        | Reached XP level 6. HP: 6/38 MP: 9/19
   690 | D        | Reached skill level 9 in Spellcasting
   954 | D        | Offered knowledge of Throw Icicle by Vehumet.
   957 | D        | Killed an ice beast
   988 | D        | Reached **** piety under Vehumet
  1012 | D        | Reached XP level 7. HP: 43/43 MP: 18/22
  1035 | D        | Noticed a tyrant leech
  1040 | D        | Killed a tyrant leech
  1040 | D        | Reached skill level 5 in Short Blades
  1040 | D        | Reached skill level 10 in Spellcasting
  1097 | D        | Reached ***** piety under Vehumet
  1097 | D        | Reached skill level 11 in Spellcasting
  1160 | D        | Learned a level 4 spell: Throw Icicle
  1161 | D        | Noticed a spriggan druid
  1164 | D        | Noticed a swamp dragon
  1165 | D        | Killed a spriggan druid
  1165 | D        | Offered knowledge of Venom Bolt by Vehumet.
  1165 | D        | Reached skill level 5 in Fighting
  1165 | D        | Reached skill level 5 in Armour
  1165 | D        | Reached skill level 5 in Ice Magic
  1165 | D        | Reached XP level 8. HP: 49/49 MP: 16/25
  1174 | D        | Reached skill level 12 in Spellcasting
  1181 | D        | HP: 2/50 [poisoned by something (poison gas)]
  1186 | D        | HP: 2/50 [poisoned by a swamp dragon (poison gas)]
  1187 | D        | Mangled by a swamp dragon

Vault maps used:
D:        pitsprint

Skill      XL: |  1  2  3  4  5  6  7  8 |
---------------+-------------------------+-----
Fighting       | 1 2 3 4 5 |  5.4
Armour         | 1 2 3 4 5 |  5.3
Dodging        | 3 4 5 6 8 |  8.3
Spellcasting   | 4 7 8 9 11 12 | 12.0
Short Blades   | 1 3 4 6 |  6.3
Conjurations   | 2 3 4 5 7 |  7.2
Fire Magic     | 4 5 6 7 |  7.8
Ice Magic      | 1 3 5 |  5.8
Stealth        | |  2.4

Action                   |  1- 3 |  4- 6 |  7- 9 || total
-------------------------+-------+-------+-------++-------
Melee: Dagger            |     3 |     2 |       ||     5
 Cast: Flame Tongue      |    17 |    16 |     8 ||    41
       Freeze            |       |     7 |       ||     7
       Sticky Flame      |       |     2 |     3 ||     5
       Conjure Flame     |       |     1 |     3 ||     4
       Throw Flame       |       |     2 |       ||     2
       Inner Flame       |       |       |     2 ||     2
       Fireball          |       |       |     1 ||     1
  Use: Potion            |       |     1 |     6 ||     7
       Scroll            |       |       |     1 ||     1
  Eat: Chunk             |       |       |     1 ||     1
Dodge: Dodged            |     3 |    19 |    11 ||    33
